Map: [ESL] Goldenaura

Players

Serral

  • Race: Zerg Zerg
  • Spawn Location: 12:00

Oliveira - Winner!

  • Race: Terran Terran
  • Spawn Location: 5:00

Event: ESL Spring 2024 Finals

VOD

Have the link to the VOD?

Description

Time

  • Played on: June 2, 2024, 2 p.m.
  • Length: 10:45

All games in this series

Show
View Real Time Build Order
Export as new Build Order

Serral Zerg 

Build Orders: Hatch First 

Get SALT Encoding   

  12  0:00  Drone  
  13  0:12  Overlord  
  13  0:17  Drone  
  14  0:30  Drone x2  
  16  0:48  Hatchery  
  15  0:52  Drone  
  15  0:55  Drone  
  17  0:58  Drone  
  18  1:09  Extractor  
  17  1:14  Spawning Pool  
  17  1:17  Drone  
  17  1:20  Drone  
  18  1:27  Drone  
  19  1:38  Drone  
  20  1:49  Drone  
  21  2:00  Queen x2  
  21  2:01  Zergling x4  
  27  2:10  Drone, Overlord  
  28  2:29  Hatchery  
  27  2:31  Drone  
  27  2:34  Drone x2  
  27  2:35  Drone  
  31  2:40  Queen  
  33  2:45  Overlord  
  33  2:48  Drone  
  34  2:53  Drone x2  
  36  3:02  Queen  
  36  3:04  Drone x2  
  40  3:09  Drone x3  
  42  3:17  Overlord  
  42  3:19  Roach Warren  
  41  3:24  Queen  
  43  3:32  Overlord  
  43  3:37  Drone x3  
  43  3:40  Overlord  
  47  3:41  Drone x2  
  47  3:45  Queen  
  47  3:48  Drone  
  51  3:49  Drone  
  51  3:52  Drone  
  51  3:54  Drone  
  54  4:00  Roach x2  
  58  4:05  Overlord  
  58  4:07  Roach x2  
  58  4:09  Roach  
  64  4:10  Drone  
  64  4:13  Drone x2  
  64  4:15  Drone  
  68  4:18  Drone, Overlord  
  68  4:21  Drone  
  70  4:25  Drone  
  70  4:28  Drone  
  70  4:30  Lair  
  72  4:32  Drone x3  
  72  4:33  Drone, Extractor  
  72  4:36  Overlord  
  72  4:38  Overlord  
  75  4:43  Drone, Overlord  
  75  4:44  Drone  
  77  4:47  Drone x3  
  80  4:55  Roach  
  80  4:58  Spore Crawler x2  
  80  4:59  Spore Crawler  
  79  5:00  Drone x4  
  79  5:02  Drone  
  84  5:07  Drone  
  84  5:10  Drone, Hatchery  
  84  5:12  Drone  
  86  5:15  Drone x2  
  86  5:16  Drone x4  
  86  5:19  Extractor x2  
  86  5:20  Extractor x2  
  88  5:22  Drone x2  
  88  5:26  Roach  
  88  5:27  Glial Reconstitution  
  92  5:30  Overseer  
  92  5:31  Overlord  
  92  5:32  Overseer, Evolution Chamber x2  
  92  5:33  Drone  
  93  5:35  Drone x2  
  93  5:37  Drone x2  
  93  5:40  Overlord  
  95  5:43  Drone x2  
  95  5:44  Drone x2  
  95  5:46  Drone x2  
  100  5:50  Metabolic Boost  
  100  5:52  Drone  
  100  5:53  Drone, Infestation Pit  
  100  5:56  Drone  
  102  5:57  Drone  
  102  5:58  Drone  
  102  6:00  Zerg Melee Weapons Level 1  
  102  6:02  Overlord  
  104  6:06  Zerg Ground Armor Level 1  
  104  6:08  Overlord  
  104  6:14  Drone x3, Overlord  
  104  6:17  Baneling Nest  
  104  6:18  Drone x3  
  109  6:21  Extractor  
  109  6:22  Spore Crawler, Extractor  
  109  6:23  Drone x3  
  109  6:26  Queen  
  109  6:31  Hive  
  111  6:33  Drone x2  
  111  6:35  Roach x2  
  111  6:37  Roach  
  119  6:40  Drone x4  
  119  6:44  Overlord  
  123  6:48  Roach  
  123  6:49  Roach x2  
  123  6:51  Overlord  
  123  6:53  Zergling x8  
  133  6:55  Overlord  
  133  6:57  Overlord  
  133  6:59  Overlord  
  133  7:05  Hatchery  
  133  7:08  Zergling x2, Roach x3  
  139  7:10  Centrifugal Hooks  
  139  7:12  Drone, Overlord  
  139  7:13  Zergling x2  
  139  7:14  Zergling x4  
  143  7:16  Overlord  
  143  7:20  Zergling x4  
  143  7:21  Overlord  
  145  7:27  Zergling x2  
  145  7:28  Zergling x16  
  154  7:36  Overlord  
  153  7:42  Zergling x10  
  153  7:44  Adrenal Glands  
  158  7:47  Viper  
  158  7:48  Viper  
  158  7:50  Zergling x18  
  166  7:58  Zerg Melee Weapons Level 2  
  166  8:02  Zergling x2  
  166  8:03  Zergling x14  
  174  8:10  Baneling  
  174  8:11  Baneling x7  
  174  8:12  Viper  
  174  8:14  Ultralisk Cavern  
  174  8:28  Zergling x30  
  174  8:29  Baneling x4, Zergling x2  
  174  8:30  Baneling x10  
  180  8:35  Zergling x2  
  180  8:36  Zergling x4  
  180  8:39  Zergling x2  
  164  8:43  Zergling x2  
  164  8:46  Zergling x2  
  134  8:49  Zergling x2  
  134  8:52  Roach  
  134  8:53  Roach x2  
  134  8:55  Hatchery, Roach  
  134  8:56  Ravager x3  
  134  8:57  Ravager  
  134  8:58  Drone, Ravager x2  
  134  8:59  Roach x7  
  134  9:01  Chitinous Plating  
  153  9:08  Zergling x2  
  153  9:09  Zergling x2  
  155  9:16  Ultralisk  
  159  9:22  Hatchery  
  157  9:27  Ultralisk  
  157  9:31  Ultralisk  
  167  9:34  Zergling x8  
  166  9:41  Zergling x4, Ultralisk  
  168  9:49  Zergling x14  
  173  9:55  Baneling x3  
  173  9:57  Baneling x3  
  171  10:00  Zergling x8  
  172  10:11  Zergling x10  
  174  10:21  Zergling x6  
Show
View Real Time Build Order
Export as new Build Order

Oliveira Terran - Winner!

Build Orders: Hellion Banshee 

Get SALT Encoding   

  12  0:00  SCV  
  13  0:12  SCV  
  14  0:17  Supply Depot  
  14  0:25  SCV  
  15  0:39  SCV  
  15  0:40  Barracks  
  16  0:43  Refinery  
  16  0:51  SCV  
  17  1:03  SCV  
  18  1:15  SCV  
  19  1:27  Orbital Command, Marine  
  20  1:40  Command Center  
  20  1:45  Marine  
  21  1:53  SCV  
  22  1:56  Supply Depot  
  22  2:04  Barracks Reactor  
  22  2:05  SCV  
  23  2:17  SCV  
  23  2:19  Factory  
  24  2:29  SCV  
  25  2:42  SCV  
  25  2:43  Command Center  
  26  2:52  Orbital Command  
  26  2:54  SCV  
  27  3:04  Starport  
  27  3:06  Refinery  
  27  3:07  SCV  
  28  3:14  Hellion  
  28  3:16  Hellion  
  28  3:19  SCV  
  33  3:21  SCV  
  33  3:23  Barracks Tech Lab  
  34  3:31  SCV  
  34  3:33  SCV  
  36  3:36  Hellion  
  36  3:38  Hellion  
  40  3:43  SCV  
  40  3:45  SCV  
  40  3:47  Barracks Tech Lab, Banshee  
  45  3:55  SCV  
  46  3:56  Orbital Command  
  46  3:57  SCV  
  46  4:01  Hellion  
  51  4:02  Hellion  
  51  4:06  Supply Depot  
  51  4:07  SCV  
  51  4:09  SCV  
  53  4:15  Stimpack  
  53  4:19  SCV  
  53  4:21  SCV  
  53  4:22  SCV  
  56  4:27  Hellion x2  
  56  4:29  Supply Depot  
  60  4:31  Banshee  
  60  4:32  SCV  
  60  4:34  SCV  
  60  4:35  SCV  
  66  4:41  Marine  
  67  4:46  SCV  
  67  4:47  SCV  
  67  4:52  Supply Depot, Barracks  
  69  4:56  Barracks  
  69  4:58  SCV, Factory Reactor  
  70  5:00  SCV  
  70  5:03  Engineering Bay x2  
  70  5:05  Orbital Command, Refinery  
  70  5:06  Refinery  
  71  5:10  SCV  
  71  5:12  SCV  
  73  5:16  Supply Depot  
  73  5:17  Barracks  
  73  5:18  Barracks  
  73  5:22  SCV  
  73  5:24  SCV, Starport Reactor, Marine  
  76  5:30  Terran Infantry Weapons Level 1, Terran Infantry Armor Level 1  
  76  5:31  Supply Depot  
  76  5:34  SCV  
  76  5:35  SCV  
  78  5:36  SCV  
  78  5:42  Marine x2  
  81  5:43  Supply Depot  
  81  5:46  SCV  
  81  5:47  SCV  
  81  5:48  SCV  
  81  5:49  Siege Tank  
  87  5:51  Supply Depot, Marine x2  
  87  5:52  Marine  
  90  5:57  Combat Shield  
  90  6:00  Marine  
  90  6:01  Marine  
  90  6:03  Medivac x2  
  98  6:05  Barracks Reactor  
  98  6:06  Barracks Reactor  
  96  6:17  Marine x2, Barracks  
  96  6:18  Marine  
  98  6:19  Barracks x2  
  98  6:20  SCV  
  98  6:21  SCV x2  
  98  6:22  Supply Depot  
  98  6:25  Armory  
  102  6:26  Marine  
  102  6:27  Refinery  
  102  6:31  Siege Tank  
  106  6:34  Marine  
  106  6:35  Marine  
  106  6:36  SCV, Marauder  
  106  6:37  SCV  
  112  6:40  SCV  
  112  6:44  Marine x2  
  112  6:45  Supply Depot, Marine  
  116  6:48  Marine x2  
  116  6:49  Supply Depot  
  116  6:53  Marine  
  119  6:56  SCV x2  
  119  6:58  SCV  
  119  6:59  Medivac  
  119  7:00  Marine  
  125  7:06  Barracks Tech Lab x2, Supply Depot  
  125  7:07  Barracks Tech Lab, Siege Tank, Medivac  
  130  7:11  Supply Depot, Marine x2  
  130  7:12  Marine x3  
  135  7:16  Marine  
  135  7:22  Concussive Shells, Marine, Marauder  
  139  7:24  Marine x2  
  139  7:28  Marauder x2  
  139  7:29  Supply Depot, Marine  
  145  7:30  Marine  
  145  7:31  Marine x2  
  145  7:33  Medivac  
  145  7:34  Supply Depot  
  151  7:38  Marine x2, Medivac  
  151  7:40  Marine  
  156  7:45  Marine  
  156  7:47  Marine  
  156  7:48  Marine  
  156  7:50  Marine  
  156  7:51  Marine x2, Marauder x3  
  165  7:55  Siege Tank  
  165  7:56  Marine  
  169  8:00  Terran Infantry Armor Level 2, Terran Infantry Weapons Level 2  
  169  8:01  Marine  
  169  8:02  Marine  
  169  8:04  Marine  
  169  8:05  Marine  
  173  8:28  Supply Depot x2  
  173  8:30  Marine x4, Marauder x2  
  173  8:32  Marine x2  
  173  8:33  Marine x2  
  181  8:38  Marine  
  167  8:42  Marine  
  167  8:43  Siege Tank, Medivac  
  167  8:48  Marine x2, Marauder x2  
  170  8:49  Marine x2  
  170  8:51  Marine x2  
  170  8:52  Marauder x2  
  168  8:56  Marine  
  168  8:59  Marine  
  168  9:01  Medivac  
  169  9:05  Marine x2  
  169  9:07  Marine x2  
  169  9:09  Marauder  
  174  9:12  Marine x2, Marauder  
  176  9:19  Marine  
  176  9:22  Marine x2, Marauder  
  184  9:24  Siege Tank  
  184  9:25  Medivac  
  184  9:27  Marine  
  187  9:34  Command Center  
  187  9:36  Marine x2  
  187  9:37  Marauder  
  187  9:38  Medivac  
  178  9:46  Marine  
  178  9:47  Marine x2  
  178  9:48  Marine x2  
  178  9:49  Marauder  
  178  9:51  Marine x2  
  181  9:55  Marine  
  181  9:56  Siege Tank, Marine, Marauder  
  181  9:58  Marine  
  184  10:04  Marine x2  
  177  10:07  Marine x2  
  177  10:10  Marauder x2  
  177  10:11  Marine  
  164  10:18  Marine  
  164  10:21  Marine x2, Marauder x2  
  155  10:22  Marine  
  155  10:27  Marine  
Tags
 
Add a new tag
Caveats
  • Supply blocks, unpowered buildings, or Contaminate may cause inaccurate times.
  • Supply counts are checked every 10 seconds.